 Dungeon Crawl Stone Soup version 0.23.0 (webtiles) character file.

Game seed: 13377740732020230847

4806 theswoord the Cruncher (level 10, -2/67 HPs)
             Began as a Demonspawn Gladiator on Feb 16, 2019.
             Was a Priest of Wu Jian.
             Slain by a slime creature (6 damage)
             ... on level 10 of the Dungeon.
             The game lasted 00:21:44 (9638 turns).

theswoord the Cruncher (Demonspawn Gladiator)       Turns: 9638, Time: 00:21:44

Health: -2/67      AC: 11    Str: 16    XL:     10   Next: 24%
Magic:  0/10       EV: 10    Int: 10    God:    Wu Jian [***...]
Gold:   356        SH:  0    Dex: 16    Spells: 9/9 levels left

rFire    + + .     SeeInvis .   a - +1 quarterstaff
rCold    . . .     Gourm    .   (shield currently unavailable)
rNeg     . . .     Faith    .   u - +1 chain mail of the Abyss {rElec rF++ rCorr}
rPois    .         Spirit   +   k - +2 hat
rElec    +         Reflect  .   (no cloak)
rCorr    +         Harm     .   (no gloves)
MR       .....                  (no boots)
Stlth    ..........             (no amulet)
HPRegen  0.21/turn              (no ring)
MPRegen  0.24/turn              (no ring)

@: about to teleport, invisible
A: horns 2, talons 1, repulsion field 2, powered by pain 1, magic shield, magic
regeneration, magic link
a: Wall Jump, Serpent's Lash, Renounce Religion


You were on level 10 of the Dungeon.
You worshipped Wu Jian.
Wu Jian was most pleased with you.
You were near starving.

You visited 2 branches of the dungeon, and saw 11 of its levels.

You collected 356 gold pieces.

Inventory:

Hand Weapons
 a - a +1 quarterstaff (weapon)
Missiles
 d - 2 throwing nets (quivered)
Armour
 b - a +0 leather armour
 c - a +0 helmet
 j - a +0 chain mail
 k - a +2 hat (worn)
 u - the +1 chain mail of the Abyss (worn) {rElec rF++ rCorr}
   (You found it on level 7 of the Dungeon)

   It greatly protects you from fire.
   It insulates you from electricity.
   It provides partial protection from all sources of acid and corrosion.
Wands
 q - a wand of paralysis (13)
 r - a wand of iceblast (11)
 t - a wand of acid (7)
 x - a wand of digging (8)
Scrolls
 g - 3 scrolls of remove curse
 h - 2 scrolls of fog
 n - a scroll of enchant armour
 s - 3 scrolls of teleportation
 y - 2 scrolls of magic mapping
 A - a scroll of enchant weapon
Potions
 e - 3 potions of curing
 i - 2 potions of cancellation
 l - a potion of brilliance
 m - 2 potions of mutation
 p - 2 potions of haste
 v - 3 potions of flight
 w - a potion of might
 C - 2 potions of berserk rage {unknown}
 D - 2 potions of lignification {unknown}
Comestibles
 f - 16 rations


   Skills:
 - Level 2.0 Fighting
 + Level 13.6 Staves
 - Level 1.7 Throwing
 - Level 2.6 Dodging


You had 9 spell levels left.
You didn't know any spells.
Your spell library contained the following spells:

 Spells                   Type           Power        Failure   Level  Hunger
 Animate Skeleton         Necr           N/A          100%        1    ##.....
 Apportation              Tloc           #.....       100%        1    ##.....
 Confusing Touch          Hex            #.....       100%        1    ##.....
 Summon Small Mammal      Summ           #...         100%        1    ##.....


Dungeon Overview and Level Annotations

Branches:
Dungeon (10/15)            Temple (1/1) D:4             Orc (0/2) D:10
   Lair: D:8-11

Altars:
Ashenzari
Cheibriados
Dithmenos
Elyvilon
Fedhas
Gozag
Hepliaklqana
Kikubaaqudgha
Makhleb
Nemelex Xobeh
Okawaru
Qazlal
Ru
Sif Muna
Trog
Uskayaw
Vehumet
Wu Jian
Xom
Yredelemnul
Zin
The Shining One
Beogh

Shops:
D:5 *(   D:8 *(?=*

Annotations:
D:4 3 runed translucent doors, dengdeng's ghost, amateur MiBe


Innate Abilities, Weirdness & Mutations

You have a pair of horns on your head.
You are surrounded by a moderate repulsion field. (EV +3)
You sometimes gain a little power by taking damage.
When hurt, damage is shared between your health and your magic reserves.
You regenerate magic rapidly.
When low on magic, you restore magic in place of health.
You have sharp toenails.


Message History

You spin and attack the slime creature repeatedly.
You hit the slime creature. You thump the slime creature!
You spin and attack the slime creature.
You hit the slime creature. You claw the slime creature.
The slime creature closely misses you. The slime creature hits you!
Two slime creatures merge to form a large slime creature.
You barely miss the slime creature. The slime creature hits you.
The slime creature hits you!
As you read the scroll of teleportation, it crumbles to dust.
You feel strangely unstable. The slime creature hits you.
The large slime creature hits you!!
* * * LOW HITPOINT WARNING * * *
The slime creature hits you!
* * * LOW HITPOINT WARNING * * *
Okay, then.
The floor, spattered with blood.
Unknown command.
You fade into invisibility!
The slime creature hits you!
You die...

...oooo)8.....#.#.............###
###...).'.....#.#.#.............#
#####.8oo⌠..#.#.#.........#.#.#
#.#oo...#.................#
#.#..o..#...#.#......#....# #.#
o_o>#.#J#.#.#.###...#.# #.#
....#.....#.#.........# #.#
...#####J#.#......>..# ..8
⌠..#.@J#.#)#.###.#.#.#
#.JJ..#.#.###.###.#
###..)............#
#.....#.#.....#####
#######.####### #.....# #.#####
#.# #.#####


You could see a large slime creature and 2 slime creatures.

Vanquished Creatures
  A two-headed ogre (D:9)
  An orc knight (D:9)
  A shadow (D:10)
  A wyvern (D:9)
  A hungry ghost (D:10)
  A steam dragon (D:7)
  3 orc warriors
  3 sky beasts
  An ogre (D:4)
  4 phantoms
  2 centaurs (D:7)
  A big kobold (D:9)
  2 bullfrogs
  A gnoll sergeant (D:6)
  4 scorpions
  6 killer bees (D:7)
  3 vampire bats (D:8)
  A howler monkey (D:5)
  3 crimson imps
  3 jellies (D:10)
  A centaur skeleton (D:6)
  2 hounds (D:8)
  6 orc wizards
  2 orc priests
  2 iguanas
  7 worker ants
  A hound zombie (D:6)
  4 hound skeletons
  6 gnolls
  11 adders
  A shadow imp (D:8)
  6 oozes
  2 adder skeletons
  3 dart slugs
  2 leopard geckos
  30 orcs
  5 bats
  3 bat skeletons (D:8)
  A bat zombie (D:8)
  6 giant cockroaches
  13 hobgoblins
  17 jackals
  5 quokkas
  A ball python (D:1)
  A ball python skeleton (D:4)
  7 frilled lizards
  11 goblins
  16 kobolds
  A leopard gecko zombie (D:6)
  A quokka skeleton (D:4)
  5 rats
222 creatures vanquished.

Vanquished Creatures (others)
  6 fungi (D:10)
  A plant (D:10)
7 creatures vanquished.

Grand Total: 229 creatures vanquished

Notes
Turn   | Place    | Note
-------+----------+-------------------------------------------
     0 | D:1      | theswoord the Demonspawn Gladiator began the quest for the
                  | Orb.
     0 | D:1      | Reached XP level 1. HP: 16/16 MP: 1/1
    20 | D:1      | Reached skill level 3 in Staves
   154 | D:1      | Gained mutation: When hurt, damage is shared between your
                  | health and your magic reserves. [demonic ancestry]
   154 | D:1      | Reached XP level 2. HP: 8/22 MP: 2/2
   680 | D:1      | Found a glowing golden altar of the Shining One.
   874 | D:1      | Gained mutation: You are surrounded by a mild repulsion
                  | field. (EV +2) [demonic ancestry]
   874 | D:1      | Reached XP level 3. HP: 26/27 MP: 3/3
   946 | D:1      | Reached skill level 4 in Staves
  1515 | D:2      | Found a shimmering altar of Xom.
  1526 | D:2      | Gained mutation: You sometimes gain a little power by
                  | taking damage. [demonic ancestry]
  1526 | D:2      | Reached XP level 4. HP: 33/33 MP: 4/4
  1839 | D:3      | Found a glowing silver altar of Zin.
  1871 | D:3      | Found a sparkling altar of Nemelex Xobeh.
  2243 | D:3      | Found an iron altar of Okawaru.
  2448 | D:3      | Reached skill level 5 in Staves
  2667 | D:3      | Found a stormy altar of Qazlal.
  2793 | D:4      | Reached XP level 5. HP: 38/38 MP: 5/5
  2813 | D:4      | Found a staircase to the Ecumenical Temple.
  2818 | D:4      | Noticed a phantom
  2849 | D:4      | Killed a phantom
  2855 | Temple   | Entered the Ecumenical Temple
  2974 | Temple   | Became a worshipper of the Wu Jian Council
  3127 | D:4      | Found a runed translucent gate.
  3127 | D:4      | Found a runed translucent gate.
  3130 | D:4      | Found a runed translucent gate.
  3133 | D:4      | Noticed dengdeng's ghost (amateur MiBe)
  3151 | D:4      | Reached skill level 6 in Staves
  3297 | D:4      | Gained mutation: You have a pair of small horns on your
                  | head. [demonic ancestry]
  3297 | D:4      | Reached XP level 6. HP: 41/44 MP: 4/6
  3331 | D:4      | Found a white marble altar of Elyvilon.
  3670 | D:4      | Reached skill level 7 in Staves
  4177 | D:4      | Gained mutation: You are surrounded by a moderate repulsion
                  | field. (EV +3) [demonic ancestry]
  4177 | D:4      | Reached XP level 7. HP: 35/50 MP: 5/7
  4339 | D:4      | Reached * piety under Wu Jian
  4574 | D:5      | Entered Level 5 of the Dungeon
  4595 | D:4      | Reached skill level 8 in Staves
  5069 | D:5      | Reached skill level 9 in Staves
  5069 | D:5      | Gained mutation: You regenerate magic rapidly. [demonic
                  | ancestry]
  5069 | D:5      | Reached XP level 8. HP: 55/56 MP: 8/8
  5107 | D:5      | Gained mutation: You have sharp toenails. [potion of
                  | mutation]
  5107 | D:5      | Gained mutation: You are weak. (Str -2) [potion of
                  | mutation]
  5107 | D:5      | Lost mutation: You are weak. (Str -2) [potion of mutation]
  5235 | D:5      | Found Ujikeg's General Store.
  5247 | D:5      | Found Qobron's Weapon Boutique.
  5589 | D:6      | Found a blossoming altar of Fedhas.
  5864 | D:6      | Reached skill level 10 in Staves
  5939 | D:6      | Reached ** piety under Wu Jian
  6365 | D:7      | Found a hazy altar of Hepliaklqana.
  6373 | D:7      | Found a burning altar of Makhleb.
  6374 | D:7      | Found an opulent altar of Gozag.
  6375 | D:7      | Found a hide-covered altar of Uskayaw.
  6450 | D:7      | Got an ichor-stained chain mail
  6461 | D:7      | Identified the +1 chain mail of the Abyss {rElec rF++
                  | rCorr} (You found it on level 7 of the Dungeon)
  6498 | D:7      | Reached skill level 11 in Staves
  6501 | D:7      | Gained mutation: You have a pair of horns on your head.
                  | [demonic ancestry]
  6501 | D:7      | Reached XP level 9. HP: 41/61 MP: 9/9
  7170 | D:8      | You fall through a shaft!
  7174 | D:9      | Noticed a two-headed ogre
  7184 | D:9      | Killed a two-headed ogre
  7184 | D:9      | Reached skill level 12 in Staves
  7325 | D:9      | Reached *** piety under Wu Jian
  7878 | D:8      | Found Utohairrai's Jewellery Shoppe.
  7878 | D:8      | Found Ceskeun's General Store.
  8021 | D:8      | Found Vorogusk's Antique Weapon Shop.
  8070 | D:8      | Found Uxunlego's Lightly-Used Armoury.
  8088 | D:8      | Found Nucilall's Magic Scroll Boutique.
  8327 | D:8      | Found a deep blue altar of Sif Muna.
  8399 | D:8      | Found an ancient bone altar of Kikubaaqudgha.
  8513 | D:10     | Entered Level 10 of the Dungeon
  8515 | D:10     | Noticed an orc knight
  8532 | D:9      | Reached skill level 13 in Staves
  8617 | D:9      | Gained mutation: When low on magic, you restore magic in
                  | place of health. [demonic ancestry]
  8617 | D:9      | Reached XP level 10. HP: 24/67 MP: 8/10
  8837 | D:9      | Killed an orc knight
  9150 | D:10     | Found a roughly hewn altar of Beogh.
  9152 | D:10     | Found a staircase to the Orcish Mines.
  9152 | D:10     | Noticed an orc knight
  9638 | D:10     | Slain by a slime creature

Skill      XL: |  1  2  3  4  5  6  7  8  9 |
---------------+----------------------------+-----
Staves         | 3 4 5 6 7 9 11 13 | 13.6
Fighting       | |  2.0
Throwing       | |  1.7
Dodging        | |  2.6

Action                   |  1- 3 |  4- 6 |  7- 9 | 10-12 || total
-------------------------+-------+-------+-------+-------++-------
Melee: Quarterstaff      |   122 |   181 |   412 |    71 ||   786
       Headbutt          |       |    18 |    81 |    12 ||   111
       Kick              |       |       |    89 |    24 ||   113
Throw: Throwing net      |       |       |     1 |       ||     1
Invok: Lunge             |       |     7 |    28 |     1 ||    36
       Whirlwind         |       |       |    44 |    18 ||    62
  Use: Scroll            |     4 |     2 |    14 |     1 ||    21
       Potion            |       |       |     4 |     4 ||     8
 Stab: Sleeping          |       |     3 |       |       ||     3
       Distracted        |       |     1 |       |       ||     1
       Invisible         |       |       |     4 |       ||     4
       Held in net/web   |       |       |     1 |       ||     1
  Eat: Chunk             |     2 |     8 |    15 |       ||    25
       Ration            |       |       |       |     1 ||     1
Armor: Leather armour    |    36 |    35 |     7 |       ||    78
       Chain mail        |       |       |   121 |    19 ||   140
Dodge: Dodged            |    81 |   105 |   159 |    13 ||   358

Levels and vault maps discovered:
D:1:      evilmike_arrival_come_back, layout_loops_cross, tso_metal_star
D:2:      layout_loops_ring, old_standard_altar
D:3:      layout_loops_ring, overflow_temple_1_default,
          nicolae_overflow_crystal_walls, lemuel_round_altar, okawaru_trees_2,
          first_ration
D:4:      minmay_octagon_keep, layout_loops_ring, kennysheep_mini_moat,
          minmay_temple_entry_sparse_star, gammafunk_ghost_necromancy
D:5:      layout_rooms, serial_shops, shop_statue, shop
D:6:      layout_cave_pools, fedhas_ov_isle_minmay
D:7:      layout_rooms, minitemple
D:8:      layout_loops_ring, lemuel_round_altar, kennysheep_vampire_church,
          serial_shops, shop, nicolae_shop_waterfront, nicolae_shop_statue_plus,
          shop, minmay_shop_damaged
D:9:      layout_cave_pools
D:10:     layout_basic, grunt_lair_entry_orc_guard_hut, david_orc_5,
          hangedman_little_slice_of_home
Temple:   nicolae_temple_figure_zero
